 Dungeon Crawl Stone Soup version 0.32-a0-918-g0f22ef8d61 (webtiles) character file.

Game seed: 17384660826094150373

76 IdlyInterested the Trooper (level 4, -3/38 HPs)
             Began as a Demonspawn Fighter on Apr 11, 2024.
             Killed by divine providence
             ... invoked by an orc priest
              (11 damage)
             ... on level 3 of the Dungeon.
             The game lasted 00:04:56 (1524 turns).

IdlyInterested the Trooper (Demonspawn Fighter)     Turns: 1524, Time: 00:04:56

Health: -3/38      AC: 13    Str: 16    XL:     4   Next: 12%
Magic:  4/4        EV:  5    Int: 10    God:
Gold:   89         SH:  8    Dex: 13    Spells: 3/3 levels left

rFire   . . .        h - +2 dagger (freeze)
rCold   . . .        b - +0 buckler
rNeg    . . .        u - +0 chain mail
rPois   .            (no helmet)
rElec   .            (no cloak)
rCorr   +            (no gloves)
SInv    .            (no boots)
Will    .....        (no amulet) Stlth
                     o - ring of resist corrosion
HPRegen 0.26/turn    (no ring)
MPRegen 0.09/turn

%: no passive effects
@: no status effects
A: icemail 1, condensation shield
a: Convert to Beogh


You were on level 3 of the Dungeon.
You visited 1 branch of the dungeon, and saw 3 of its levels.

You collected 89 gold pieces.

Inventory:

Hand Weapons
 e - a +0 whip
 h - a +2 dagger of freezing (weapon)
 l - a +0 short sword
 t - a +0 mace
 v - a +0 broad axe
 w - a +0 hand axe
 x - a +2 dagger of protection
Missiles
 j - 6 stones (quivered)
 q - 4 poisoned darts
Armour
 a - a +0 scale mail
 b - a +0 buckler (worn)
 f - a +0 leather armour
 k - a +0 robe
 u - a +0 chain mail (worn)
 z - a +0 ring mail
Jewellery
 o - a ring of resist corrosion (left hand)
Scrolls
 d - a scroll of immolation {unknown}
 i - 2 scrolls of enchant armour {unknown}
 m - 2 scrolls of poison {unknown}
 r - a scroll of enchant weapon {unknown}
 y - a scroll of identify {unknown}
Potions
 c - a potion of might
 g - a potion of curing {unknown}
 n - a potion of cancellation
 p - a potion of degeneration {unknown}
 s - 2 potions of attraction {unknown}


   Skills:
 + Level 4.6 Fighting
 + Level 0.5 Throwing
 - Level 3.0 Armour
 - Level 2.6 Shields
 - Level 2.0 Unarmed Combat


You had 3 spell levels left.
You didn't know any spells.
Your spell library contained the following spells:

 Spells                   Type           Power      Damage    Failure   Level
 Tukima's Dance           Hex            0%         N/A       100%        3
 Dimensional Bullseye     Hex/Tloc       0%         N/A       100%        4
 Iskenderun's Mystic Bla Conj/Tloc 0%             2d3        (+2d1     100%        4


Dungeon Overview and Level Annotations

Branches:
Dungeon (3/15)

Altars:
Xom


Innate Abilities, Weirdness & Mutations

A meltable icy envelope protects you from harm. (AC +4)
A meltable shield of frost defends you. (SH +4)


Message History

The orc priest is heavily wounded.
The orc priest mumbles some strange prayers to Beogh against you.
Beogh smites you!
You hit the orc priest. You freeze the orc priest.
The orc priest is heavily wounded.
The orc priest hits you with a +0 war axe.
* * * LOW HITPOINT WARNING * * *
You hit the orc priest but do no damage.
The orc priest is heavily wounded.
The orc priest looks braver for a moment.
You hit the orc priest. You freeze the orc priest.
The orc priest is severely wounded.
The orc priest shouts, "Surrender to Beogh and we'll let you live!"
The orc priest miscasts a cantrip.
You hit the orc priest but do no damage.
The orc priest is severely wounded.
The orc priest mumbles some strange prayers to Beogh against you.
You barely resist.
You hit the orc priest but do no damage.
The orc priest is severely wounded.
The orc priest mumbles some strange prayers to Beogh against you.
You barely resist. You hit the orc priest. You freeze the orc priest.
The orc priest is almost dead.
The orc priest hits you but does no damage.
The orc priest shouts, "Beogh offers mercy even to people such as you.
Join us and be reborn!"
You hit the orc priest but do no damage.
The orc priest is almost dead.
The orc priest mumbles some strange prayers to Beogh against you.
Pain shoots through your body!
* * * LOW HITPOINT WARNING * * *
You hit the orc priest but do no damage.
The orc priest is almost dead.
The orc priest hits you with a +0 war axe.
* * * LOW HITPOINT WARNING * * *
You hit the orc priest but do no damage.
The orc priest is almost dead.
The orc priest invokes the aid of Beogh against you.
Beogh smites you!
You die...

#.. #.# #.
#......#
#.###.######
#...## ##.##
##########.#
..........#
#.######.##
#.#####...#
#go@....#.#
......o#####...#
.......
##.########
#.##...
#........#### #
#...
#............
...l
#############
##o.. #<##


You could see an orc priest, an orc and a goblin.

Vanquished Creatures
  A gnoll (D:1)
  An adder (D:2)
  A ribbon worm (D:3)
  4 dart slugs
  An orc (D:3)
  2 endoplasms (D:1)
  2 giant cockroaches (D:3)
  5 goblins
  4 hobgoblins
  2 jackals (D:2)
  3 kobolds
  3 quokkas (D:1)
  4 ball pythons (D:1)
  6 bats
  2 frilled lizards
  4 rats
45 creatures vanquished.

Notes
Turn   | Place    | Note
-------+----------+-------------------------------------------
     0 | D:1      | IdlyInterested the Demonspawn Fighter began the quest for
                  | the Orb.
     0 | D:1      | Reached XP level 1. HP: 18/18 MP: 1/1
    77 | D:1      | Gained mutation: A meltable shield of frost defends you.
                  | (SH +4) [demonic ancestry]
    77 | D:1      | Reached XP level 2. HP: 13/25 MP: 2/2
   165 | D:1      | Found a faded altar of an unknown god.
   174 | D:1      | Reached skill level 4 in Fighting
   290 | D:1      | Reached XP level 3. HP: 29/30 MP: 3/3
  1217 | D:2      | Found a shimmering altar of Xom.
  1406 | D:3      | Gained mutation: A meltable icy envelope protects you from
                  | harm. (AC +4) [demonic ancestry]
  1406 | D:3      | Reached XP level 4. HP: 38/38 MP: 4/4
  1524 | D:3      | Killed from afar by an orc priest

Illustrated notes

Levels and vault maps discovered:
D:1:      matt_arrival_spirals, layout_loops_ring, basic_ecumenical_altar,
          nicolae_grassy_gnolls
D:2:      layout_loops_ring, basic_altar, minmay_misc_feat_cross
D:3:      layout_loops_ring, minmay_misc_feat_columns, nicolae_underground_beach

Skill      XL: |  1  2  3 |
---------------+----------+-----
Fighting       | 4 |  4.6
Unarmed Combat | 2 |  2.0
Armour         | 3 |  3.0
Throwing       | |  0.5
Shields        | |  2.6

Action                     |  1- 3 |  4- 6 || total
---------------------------+-------+-------++-------
  Melee: Unarmed           |    70 |       ||    70
         Dagger            |    95 |    39 ||   134
  Throw: Stone             |       |     8 ||     8
    Use: Potion            |     1 |       ||     1
 Armour: Scale mail        |    66 |       ||    66
         Chain mail        |    22 |    21 ||    43
  Dodge: Dodged            |    52 |     4 ||    56
  Block: Buckler           |    63 |     5 ||    68

Table legend: (Time is in decaauts)
 A = Elapsed time spent in this place.
 B = Non-inter-level travel time spent in this place.
 C = Inter-level travel time spent in this place.
 D = Time resting spent in this place.
 E = Time spent auto-exploring this place.
 F = Levels seen in this place.
 G = Mean time per level.
                   A        B        C        D        E       F      G
               +--------+--------+--------+--------+--------+-----+--------+
         Total |   1530 |   1491 |     39 |     13 |   1034 |   3 |  510.0 |
       Dungeon |   1530 |   1491 |     39 |     13 |   1034 |   3 |  510.0 |
               +--------+--------+--------+--------+--------+-----+--------+

Top non-repeatable levels by time:
     D:1: 791 daAuts
     D:2: 553 daAuts
     D:3: 185 daAuts
